AoeStats
← Maximo10

Black Forest

508131745Analyzed
3v3 RM · 13d ago on Sep 21, 2026· 54m 40s· 6 players
Game mode
Random Map
Map size
Normal (6 player)
Population
200
Speed
Normal
Resources
Standard
Victory
Conquest
Starting age
Dark Age
Ending age
Imperial Age
RankedLock teamsTeams togetherTeam positionsShared explorationLock speedFull tech treeHidden civsTurbo modeCheats
Victory
Defeat
🇨🇱 Vietnamese · Chile
799
+14
🇺🇸 Khmer · United States
767
+16
🇮🇹 Bohemians · Italy
759
+16
🇨🇱 Saracens · Chile
883
-46
🇨🇱 Byzantines · Chile
716
-14
🇨🇱 Franks · Chile
691
-13
ildemo
0:29 Loom
16:23 Feudal Age
17:58 Wheelbarrow
17:19 Fishing Lines
17:37 Double-Bit Axe
18:26 Horse Collar
25:21 Castle Age
26:40 Bow Saw
27:26 Hand Cart
29:27 Hand Cart
28:58 Town Watch
31:45 Pikeman
32:25 Squires
32:11 Arson
33:33 Chemistry
32:54 Ballistics
34:47 Town Patrol
36:08 Wagenburg Tactics
38:40 Imperial Age
38:36 Caravan
40:14 Treadmill Crane
40:29 Murder Holes
40:46 Fortified Wall
41:00 Conscription
40:06 Elite Hussite Wagon
40:58 Hussite Reforms
41:33 Heavy Plow
41:53 Guilds
41:24 Halberdier
43:02 Onager
44:09 Houfnice
45:52 Elite Hussite Wagon
50:23 Fervor
50:28 Block Printing
50:40 Illumination
50:15 Atonement
50:25 Redemption
50:16 Devotion
50:52 Theocracy
50:12 Herbal Medicine
50:38 Heresy
50:38 Sanctity
The Slayer
1:05 Loom
12:36 Feudal Age
13:29 Gold Mining
13:28 Double-Bit Axe
13:34 Horse Collar
17:09 Wheelbarrow
21:28 Castle Age
19:39 Stone Mining
23:03 Stone Shaft Mining
22:32 Heavy Plow
22:44 Bow Saw
23:33 Gold Shaft Mining
23:35 Hand Cart
23:59 Gold Shaft Mining
32:41 Imperial Age
30:42 Caravan
32:33 Forging
32:24 Scale Mail Armor
32:29 Scale Barding Armor
32:25 Padded Archer Armor
34:00 Coinage
35:13 Hoardings
35:00 Conscription
35:06 Tusk Swords
35:57 Banking
36:34 Fortified Wall
36:20 Murder Holes
36:35 Masonry
36:17 Guard Tower
37:29 Chemistry
36:52 Chain Barding Armor
37:26 Town Watch
38:16 Crop Rotation
38:15 Leather Archer Armor
37:50 Fletching
39:28 Pikeman
39:54 Arson
40:45 Ring Archer Armor
40:11 Bodkin Arrow
40:52 Iron Casting
40:34 Chain Mail Armor
40:55 Plate Barding Armor
41:05 Halberdier
44:27 Bracer
45:27 Blast Furnace
44:35 Siege Engineers
45:01 Architecture
45:10 Keep
49:03 Ballistics
48:50 Elite Ballista Elephant
49:31 Double Crossbow
49:39 Husbandry
49:52 Bloodlines
49:03 Elite Battle Elephant
Maximo10
9:18 Loom
16:00 Feudal Age
20:37 Castle Age
18:32 Double-Bit Axe
22:01 Bow Saw
22:09 Fishing Lines
22:22 Horse Collar
22:35 Gold Mining
24:45 Gillnets
24:54 Gillnets
25:16 Town Watch
27:48 Wheelbarrow
32:40 Stone Mining
32:55 Heavy Plow
32:40 Treadmill Crane
32:52 Heated Shot
33:24 Ballistics
32:46 Light Cavalry
33:38 Bloodlines
33:31 Husbandry
33:40 Thumb Ring
33:29 Fletching
36:42 Imperial Age
36:40 Hand Cart
36:26 Town Patrol
36:38 Bodkin Arrow
36:50 Scale Barding Armor
36:57 Forging
37:17 Padded Archer Armor
37:45 Paper Money
38:51 Two-Man Saw
38:10 Bracer
38:34 Chain Barding Armor
38:31 Leather Archer Armor
40:11 Chemistry
40:10 Plate Barding Armor
41:42 Hoardings
42:02 Heavy Cavalry Archer
44:14 Caravan
45:51 Siege Engineers
46:20 Ring Archer Armor
46:26 Iron Casting
nachoverapp
2:09 Loom
18:14 Feudal Age
23:33 Horse Collar
28:31 Castle Age
31:05 Heavy Plow
36:33 Imperial Age
37:00 Gold Mining
37:01 Stone Mining
40:54 Conscription
41:09 Scale Barding Armor
41:15 Forging
40:59 Fletching
43:33 Chemistry
43:37 Elite Cataphract
44:32 Elite Skirmisher
dfelicep
15:03 Feudal Age
17:53 Wheelbarrow
17:06 Loom
18:20 Double-Bit Axe
25:58 Castle Age
27:44 Stone Mining
27:45 Gold Mining
28:06 Bow Saw
32:01 Hand Cart
34:58 Forging
34:55 Scale Barding Armor
35:23 Squires
34:43 Pikeman
40:12 Imperial Age
38:26 Gold Shaft Mining
39:26 Masonry
40:58 Murder Holes
41:13 Fortified Wall
40:49 Arrowslits
41:40 Conscription
41:41 #83
42:04 Halberdier
42:08 Elite Throwing Axeman
42:49 Chivalry
46:53 Iron Casting
46:19 Padded Archer Armor
46:09 Fletching
46:48 Ballistics
46:59 Architecture
46:30 Capped Ram
52:38 Blast Furnace
51:54 Leather Archer Armor
51:34 Bodkin Arrow
52:00 Chain Barding Armor
51:41 Scale Mail Armor
53:31 Siege Engineers
54:28 Chemistry
4Oscar_in
17:40 Feudal Age
16:11 Loom
19:24 Wheelbarrow
18:32 Horse Collar
18:41 Double-Bit Axe
18:54 Gold Mining
18:55 Stone Mining
23:12 Castle Age
21:37 Town Watch
22:07 Forging
21:58 Scale Mail Armor
22:05 Scale Barding Armor
21:37 Man-at-Arms
22:21 Arson
24:33 Hand Cart
24:35 Town Patrol
24:44 Heavy Plow
27:01 Gold Shaft Mining
28:32 Long Swordsman
28:59 Gambesons
32:49 Iron Casting
32:30 Chain Mail Armor
32:05 Fletching
34:13 Padded Archer Armor
34:08 Bodkin Arrow
34:29 Chain Mail Armor
35:22 Masonry
35:32 Ballistics
34:53 Treadmill Crane
35:34 Leather Archer Armor
36:02 Squires
35:23 Pikeman
37:42 Bimaristan
40:31 Imperial Age
38:30 Caravan
40:03 Chain Barding Armor
42:00 Bow Saw
43:05 Blast Furnace
42:09 Capped Ram
43:04 Siege Ram
43:06 Two-Handed Swordsman
43:14 Elite Mameluke
44:39 Hoardings
44:42 Champion
50:07 Counterweights
50:22 Conscription
Connection lost

Rejoining the realm…

Still unreachable

The connection could not be restored.

Session expired

The server has moved on; the page needs a fresh start.